 Dungeon Crawl Stone Soup version 0.20-a0-927-g1ae2c61 (console) character file.

5937 nht the Quickloader (level 10, -15/67 HPs)
             Began as a Demonspawn Hunter on Mar 28, 2017.
             Was an Elder of Okawaru.
             Demolished by a shadow (27 damage)
             ... on level 10 of the Dungeon.
             The game lasted 00:14:37 (5600 turns).

nht the Quickloader (Demonspawn Hunter)             Turns: 5600, Time: 00:14:39

Health: -15/67     AC: 18    Str: 15    XL:     10   Next: 54%
Magic:  0/17       EV: 11    Int: 13    God:    Okawaru [****..]
Gold:   346        SH:  5    Dex: 14    Spells: 9/9 levels left

rFire    . . .     SeeInvis .   m - +4 dire flail (protect)
rCold    + . .     Gourm    .   (shield currently unavailable)
rNeg     . . .     Faith    .   v - +2 ring mail {rC+}
rPois    .         Spirit   +   (helmet unavailable)
rElec    .         Reflect  +   (no cloak)
rCorr    .         Harm     .   (no gloves)
MR       +....                  k - +0 pair of boots
Stlth    +.........             w - +5 amulet of reflection
Regen    0.3/turn               (no ring)
MPRegen  0.2/turn               G - ring of protection from magic

@: protection aura
A: horns 3, yellow scales 2, magic shield, rot immunity
a: Heroism, Renounce Religion


You were on level 10 of the Dungeon.
You worshipped Okawaru.
Okawaru was greatly pleased with you.
You were not hungry.

You visited 2 branches of the dungeon, and saw 11 of its levels.

You collected 346 gold pieces.

Inventory:

Hand Weapons
 a - a +1 hand crossbow of freezing
 b - a +0 short sword
 m - a +4 dire flail of protection (weapon)
 t - a +0 whip of holy wrath
 u - a +2 hand axe of flaming
Missiles
 d - 68 bolts
Armour
 k - a +0 pair of boots (worn)
 l - a +1 leather armour of magic resistance
 v - a +2 ring mail of cold resistance (worn)
Jewellery
 w - a +5 amulet of reflection (around neck)
 A - an uncursed ring of ice
 D - an uncursed ring of fire
 G - a ring of protection from magic (right hand)
Wands
 F - a wand of digging (12/24)
Scrolls
 C - a scroll of identify
Potions
 e - 3 potions of cancellation
 h - a potion of magic
 r - 2 potions of flight
 s - a potion of resistance
Books
 E - a book of Misfortune

   Spells                             Type                      Level
   a - Confusing Touch                Hexes                        1
   b - Confuse                        Hexes                        3
   c - Gell's Gravitas                Translocation                3
   d - Petrify                        Transmutation/Earth          4
   e - Metabolic Englaciation         Hexes/Ice                    5
   f - Yara's Violent Unravelling     Hexes/Transmutation          5
Comestibles
 f - 6 bread rations
 g - 10 fruits
 i - a chunk of flesh
 n - 5 meat rations
 x - 5 royal jellies


   Skills:
 - Level 2.0 Fighting
 + Level 12.9 Crossbows
 - Level 1.7 Dodging
 - Level 0.8 Stealth
 - Level 10.0 Invocations


You had 9 spell levels left.
You didn't know any spells.

Dungeon Overview and Level Annotations

Branches:
Dungeon (10/15)            Temple (1/1) D:6             Orc (0/2) D:10
   Lair: D:8-11

Altars:
Ashenzari
Dithmenos
Fedhas
Kikubaaqudgha
Okawaru
Ru
Sif Muna
Trog
Uskayaw
Wu Jian
Xom
Zin
The Shining One

Shops:
D:5 :

Annotations:
D:8 exclusion: oklob plant


Innate Abilities, Weirdness & Mutations

You have a pair of large horns on your head.
You are mostly covered in yellow scales. (AC +3)
When hurt, damage is shared between your health and your magic reserves.
You are immune to rotting.


Message History

The shadow hits you.
You hit the shadow.
You headbutt the shadow, but do no damage.
The shadow is severely damaged.
The shadow hits you.
* * * LOW HITPOINT WARNING * * *
You closely miss the shadow.
The shadow is severely damaged.
The shadow closely misses you.
You hit the shadow. You headbutt the shadow.
The shadow is severely damaged.
The shadow hits you!
* * * LOW HITPOINT WARNING * * *
You hit the shadow.
The shadow is almost destroyed.
The shadow slips into darkness.
The shadow flickers and vanishes!
Deactivating autopickup; reactivate with Ctrl-A.
The shadow strikes at you from the darkness!
You die...

...,,,* ************* ...,,,*
*,,,**,,,,**, █.█****
*,,,,+,,,,**, █.█ *,,,**,,,,**,
█.█████████████******,,,****,***,
..............,,,,,,,,,,█ *,* *,
█..███....██.█████████..█* *,* *,
█..███....██.............* *,* *,
█..............)@{(██***,██*,* **
█...██████████'███(.██ *,.█*,* *
█..██ *******█.**██))████.██.███*
..██***,≈,,**.≈,* ██()))........,
███ *,**,***██.****██████).█.███*
█ *,**,**,*█.**,* *....█ * █
*≈,,≈,,≈,.≈,,≈* *....█***
*,**,**,*█.**,* *......,*
********,*****,**,* *█......*


There were no monsters in sight!

Vanquished Creatures
  2 two-headed ogres (D:10)
  Pikel (D:6)
  A hippogriff (D:10)
  Sigmund (D:2)
  A wraith (D:10)
  6 yaks (D:10)
  2 hungry ghosts
  Menkaure (D:6)
  Edmund (D:5)
  A black bear (D:10)
  An ice beast (D:8)
  An orc warrior (D:10)
  A phantom (D:6)
  4 ogres
  2 sky beasts
  A necrophage (D:6)
  A centaur (D:10)
  Blork the orc (D:6)
  A big kobold (D:10)
  2 bullfrogs
  2 scorpions
  A water moccasin skeleton (D:10)
  A bullfrog zombie (D:9)
  5 howler monkeys
  A crimson imp (D:6)
  3 hounds
  2 jellies
  2 bullfrog skeletons
  2 orc priests (D:10)
  3 iguanas
  4 worker ants
  A hound skeleton (D:6)
  A howler monkey skeleton (D:10)
  A worker ant zombie (D:10)
  3 gnolls (D:4)
  8 adders
  A shadow imp (D:5)
  An ooze (D:1)
  An adder zombie (D:6)
  2 adder skeletons
  3 worms
  A leopard gecko (D:4)
  14 orcs
  2 giant cockroaches
  8 hobgoblins
  9 jackals
  3 quokkas
  2 ball pythons
  4 bats (D:2)
  6 frilled lizards
  7 goblins
  A goblin skeleton (D:10)
  A goblin zombie (D:10)
  A hobgoblin zombie (D:10)
  17 kobolds
  A leopard gecko skeleton (D:5)
  3 orc zombies (D:10)
  A quokka skeleton (D:4)
  7 rats
168 creatures vanquished.

Notes
Turn   | Place    | Note
-------+----------+-------------------------------------------
     0 | D:1      | nht the Demonspawn Hunter began the quest for the Orb.
     0 | D:1      | Reached XP level 1. HP: 16/16 MP: 1/1
   116 | D:1      | Reached skill level 4 in Crossbows
   135 | D:1      | Gained mutation: You have a pair of small horns on your head. [demonic ancestry]
   135 | D:1      | Reached XP level 2. HP: 22/22 MP: 2/2
   837 | D:2      | Reached XP level 3. HP: 27/27 MP: 3/3
   937 | D:2      | Noticed Sigmund
   953 | D:2      | HP: 1/27 [something/magic dart (8)]
   965 | D:2      | Killed Sigmund
   965 | D:2      | Reached skill level 6 in Crossbows
   965 | D:2      | Gained mutation: When hurt, damage is shared between your health and your magic reserves. [demonic ancestry]
   965 | D:2      | Reached XP level 4. HP: 33/33 MP: 4/4
   965 | D:2      | Gained mutation: You are partially covered in yellow scales. (AC +2) [demonic ancestry]
   965 | D:2      | Reached XP level 5. HP: 38/38 MP: 5/5
  2011 | D:3      | Gained mutation: You have a pair of horns on your head. [demonic ancestry]
  2011 | D:3      | Reached XP level 6. HP: 44/44 MP: 6/6
  2356 | D:4      | Reached skill level 7 in Crossbows
  2756 | D:5      | Entered Level 5 of the Dungeon
  2757 | D:5      | Found Ucoxzakk's Book Shoppe.
  2922 | D:5      | Noticed Edmund
  2945 | D:5      | Killed Edmund
  2945 | D:5      | Reached skill level 8 in Crossbows
  2945 | D:5      | Gained mutation: You have a pair of large horns on your head. [demonic ancestry]
  2945 | D:5      | Reached XP level 7. HP: 25/50 MP: 3/7
  3883 | D:6      | Reached skill level 9 in Crossbows
  3946 | D:6      | Reached XP level 8. HP: 56/56 MP: 8/8
  3976 | D:6      | Found a staircase to the Ecumenical Temple.
  3982 | Temple   | Entered the Ecumenical Temple
  4003 | Temple   | Became a worshipper of Warmaster Okawaru
  4047 | D:6      | Noticed Menkaure
  4052 | D:6      | Killed Menkaure
  4128 | D:6      | Noticed Blork the orc
  4135 | D:6      | Killed Blork the orc
  4135 | D:6      | Reached skill level 10 in Crossbows
  4141 | D:6      | Reached skill level 1 in Invocations
  4247 | D:6      | Noticed Pikel
  4259 | D:6      | Killed Pikel
  4259 | D:6      | Reached * piety under Okawaru
  4259 | D:6      | Reached ** piety under Okawaru
  4649 | D:7      | Gained mutation: You are immune to rotting. [demonic ancestry]
  4649 | D:7      | Reached XP level 9. HP: 61/61 MP: 14/14
  4760 | D:7      | Found a sacrificial altar of Ru.
  4773 | D:7      | You fall through a shaft for 3 floors!
  4773 | D:10     | Entered Level 10 of the Dungeon
  4792 | D:10     | Noticed a two-headed ogre
  4832 | D:10     | Killed a two-headed ogre
  4832 | D:10     | Reached *** piety under Okawaru
  5226 | D:8      | Found a hide-covered altar of Uskayaw.
  5226 | D:8      | Noticed an oklob plant
  5285 | D:9      | Reached skill level 10 in Invocations
  5295 | D:9      | Reached skill level 11 in Crossbows
  5418 | D:10     | Received a gift from Okawaru
  5426 | D:10     | Gained mutation: You are mostly covered in yellow scales. (AC +3) [demonic ancestry]
  5426 | D:10     | Reached XP level 10. HP: 21/67 MP: 9/17
  5465 | D:10     | Reached skill level 12 in Crossbows
  5470 | D:10     | Reached **** piety under Okawaru
  5485 | D:10     | Noticed a two-headed ogre
  5497 | D:10     | Killed a two-headed ogre
  5497 | D:10     | Received a gift from Okawaru
  5600 | D:10     | Demolished by a shadow

Vault maps used:
D:1:      saegor_arrival_under_anarchy, serial_forest,
          infiniplex_forest_straight_2, infiniplex_forest_end_1,
          infiniplex_forest_corner_2, infiniplex_forest_lined_4_way,
          infiniplex_forest_clump_curved
D:2:      kennysheep_generic_room_10, uniq_sigmund
D:4:      serial_glass, glass_columns_a, glass_columns_a, feat_on_display
D:5:      serial_shops, shop, first_bread, minmay_misc_feat_encased, uniq_edmund
D:6:      minmay_temple_entry_hall, uniq_pikel, uniq_menkaure,
          uniq_blork_the_orc
D:7:      kennysheep_little_box, enter_bailey_3
D:8:      corexii_shantytown, lemuel_oklob_altar
D:9:      zaba_antful_of_joy
D:10:     hangedman_cross_veins, zombieorc2_lemuel
Temple:   nicolae_temple_the_god_donut

Skill      XL: |  1  2  3  4  5  6  7  8  9 10 |
---------------+-------------------------------+-----
Crossbows      | 4 6 8 9 10 11 12 | 12.9
Invocations    | 7 10 | 10.0
Fighting       | |  2.0
Dodging        | |  1.7
Stealth        | |  0.8

Action                   |  1- 3 |  4- 6 |  7- 9 | 10-12 || total
-------------------------+-------+-------+-------+-------++-------
Melee: Dire flail        |       |       |    69 |   109 ||   178
       Headbutt          |       |       |     9 |    27 ||    36
 Fire: Hand crossbow     |    67 |   184 |   147 |       ||   398
Invok: Heroism           |       |       |     4 |     2 ||     6
  Use: Potion            |     5 |     1 |     7 |     4 ||    17
       Scroll            |       |     6 |    10 |     1 ||    17
  Eat: Chunk             |       |     6 |     8 |     1 ||    15
       Bread ration      |       |       |       |     1 ||     1
Armor: Leather armour    |     7 |     4 |       |       ||    11
       Skin              |     4 |       |       |       ||     4
       Ring mail         |       |    13 |    49 |    38 ||   100
Dodge: Dodged            |    16 |    33 |    72 |    61 ||   182
Block: Other             |       |     3 |    24 |    19 ||    46
